 Dungeon Crawl Stone Soup version 0.21.1-1-g345015fe64 (webtiles) character file.

495 Oravi the Cutter (level 7, -6/48 HPs)
             Began as a Halfling Fighter on Mar 28, 2018.
             Was an Initiate of Okawaru.
             Killed by divine providence
             ... invoked by an orc priest
              (16 damage)
             ... on level 4 of the Dungeon.
             The game lasted 00:15:00 (3406 turns).

Oravi the Cutter (Halfling Fighter)                 Turns: 3406, Time: 00:15:01

Health: -6/48      AC:  7    Str: 17    XL:     7   Next: 38%
Magic:  7/7        EV: 14    Int:  6    God:    Okawaru [......]
Gold:   241        SH: 11    Dex: 21    Spells: 6/6 levels left

rFire    + . .     SeeInvis .   a - +3 rapier
rCold    + . .     Gourm    .   c - +1 shield
rNeg     . . .     Faith    .   b - +0 scale mail
rPois    .         Spirit   .   (no helmet)
rElec    .         Reflect  .   j - scarf {rC+ rF+}
rCorr    .         Harm     .   (no gloves)
MR       .....                  (no boots)
Stlth    +.........             (no amulet)
HPRegen  0.16/turn              (no ring)
MPRegen  0.10/turn              (no ring)

@: agile
A: small, mutation resistance 1
a: Renounce Religion


You were on level 4 of the Dungeon.
You worshipped Okawaru.
Okawaru was noncommittal.
You were very hungry.

You visited 2 branches of the dungeon, and saw 5 of its levels.

You collected 241 gold pieces.

Inventory:

Hand Weapons
 a - a +3 rapier (weapon)
 s - a +0 hunting sling
Missiles
 e - 215 stones (quivered)
 t - 14 sling bullets
Armour
 b - a +0 scale mail (worn)
 c - a +1 shield (worn)
 j - a scarf of resistance (worn)
 y - a +0 ring mail
Jewellery
 w - a cursed amulet of regeneration {unknown}
Wands
 d - a wand of paralysis (15)
 i - a wand of digging (7)
Scrolls
 n - 3 scrolls of identify
 r - a scroll of remove curse
 u - a scroll of teleportation {unknown}
 v - a scroll of immolation {unknown}
Potions
 g - a potion of cancellation
 h - a potion of agility
 k - a potion of magic
 l - a potion of degeneration {unknown}
 m - a potion of brilliance {unknown}
 o - 2 potions of lignification {unknown}
 q - 2 potions of flight {unknown}
 x - 2 potions of curing {unknown}
Comestibles
 f - 6 rations


   Skills:
 + Level 4.1 Fighting
 + Level 7.5 Short Blades
 + Level 3.7 Armour
 + Level 0.1 Dodging
 + Level 3.5 Shields


You had 6 spell levels left.
You didn't know any spells.

Dungeon Overview and Level Annotations

Branches:
Dungeon (4/15)             Temple (1/1) D:4

Altars:
Cheibriados
Elyvilon
Fedhas
Gozag
Hepliaklqana
Nemelex Xobeh
Okawaru
Ru
Sif Muna
Trog
Uskayaw
Xom

Annotations:
D:4 Menkaure


Innate Abilities, Weirdness & Mutations

You are small and have problems with some larger weapons.
You are somewhat resistant to further mutation.


Message History

You are too injured to fight recklessly!
You are too injured to fight recklessly!
You are too injured to fight recklessly!
You are too injured to fight recklessly!
You are too injured to fight recklessly!
You are too injured to fight recklessly!
You are too injured to fight recklessly!
You are too injured to fight recklessly!
You are too injured to fight recklessly!
You are too injured to fight recklessly!
You feel agile all of a sudden. The orc closely misses you.
It was a potion of magic.
Magic courses through your body.
The orc priest calls down the wrath of Beogh upon you.
Beogh smites you!
* * * LOW HITPOINT WARNING * * *
The orc hits you but does no damage.
The orc priest calls down the wrath of Beogh upon you.
Beogh smites you!
You die...

.>. ##### ... ....#
.o. ....# #o# ....#
#o# ....## #o# ......
#o# .....# #.# ....##
#@# ....# #.# #####
###.# ..## ###...#
#..#########.....#
##.##........#.#.####
##..#.########.#....#
.(....# #.####.#
....### ######.# #.#


You could see an orc priest and 4 orcs.

Vanquished Creatures
  Sigmund (D:3)
  A scorpion (D:3)
  A howler monkey (D:4)
  An orc wizard (D:4)
  An orc priest (D:3)
  Jessica (D:2)
  A howler monkey skeleton (D:4)
  4 gnolls (D:3)
  5 adders
  A worm (D:2)
  2 dart slugs
  2 leopard geckos (D:2)
  8 orcs
  3 giant cockroaches
  5 goblins
  8 hobgoblins
  4 jackals (D:1)
  7 kobolds
  4 quokkas (D:3)
  8 bats
  4 frilled lizards
  5 rats
77 creatures vanquished.

Notes
Turn   | Place    | Note
-------+----------+-------------------------------------------
     0 | D:1      | Oravi the Halfling Fighter began the quest for the Orb.
     0 | D:1      | Reached XP level 1. HP: 15/15 MP: 1/1
     3 | D:1      | Noticed an electric eel
     3 | D:1      | Noticed an electric eel
   174 | D:1      | Reached XP level 2. HP: 20/20 MP: 2/2
   421 | D:1      | Reached skill level 3 in Short Blades
   428 | D:1      | Reached XP level 3. HP: 25/26 MP: 3/3
  1056 | D:2      | Reached XP level 4. HP: 28/31 MP: 4/4
  1065 | D:2      | Reached skill level 4 in Short Blades
  1231 | D:2      | Noticed Jessica
  1237 | D:2      | Killed Jessica
  1237 | D:2      | Reached XP level 5. HP: 32/36 MP: 5/5
  1344 | D:2      | Found a deep blue altar of Sif Muna.
  1404 | D:2      | Reached skill level 5 in Short Blades
  2043 | D:3      | Noticed Sigmund
  2059 | D:3      | Killed Sigmund
  2059 | D:3      | Reached skill level 6 in Short Blades
  2059 | D:3      | Reached XP level 6. HP: 11/43 MP: 6/6
  2302 | D:3      | Reached skill level 7 in Short Blades
  2601 | D:4      | Found a staircase to the Ecumenical Temple.
  2623 | D:3      | Reached XP level 7. HP: 19/48 MP: 7/7
  2878 | Temple   | Entered the Ecumenical Temple
  2997 | Temple   | Became a worshipper of Warmaster Okawaru
  3233 | D:4      | Noticed Menkaure
  3406 | D:4      | Killed from afar by an orc priest

Skill      XL: |  1  2  3  4  5  6 |
---------------+-------------------+-----
Fighting       | 3 4 |  4.1
Short Blades   | 3 4 6 7 |  7.5
Armour         | |  3.7
Dodging        | |  0.1
Shields        | |  3.5

Action                   |  1- 3 |  4- 6 |  7- 9 || total
-------------------------+-------+-------+-------++-------
Melee: Rapier            |   121 |   118 |    46 ||   285
  Use: Scroll            |     6 |     1 |     1 ||     8
       Potion            |       |     2 |     2 ||     4
  Eat: Chunk             |     1 |     5 |     1 ||     7
Armor: Scale mail        |    44 |    26 |    11 ||    81
Dodge: Dodged            |    46 |    31 |    11 ||    88
Block: Shield            |    76 |    49 |    19 ||   144
